 Dungeon Crawl Stone Soup version 0.21.1-1-g345015f (webtiles) character file.

347 vatarom the Charmwright (level 6, 0/51 HPs)
             Began as a Gnoll Skald on Apr 23, 2018.
             Slain by a gnoll
             ... wielding a +1 spear of freezing
              (2 damage)
             ... on level 4 of the Dungeon on Apr 24, 2018.
             The game lasted 00:06:01 (2545 turns).

vatarom the Charmwright (Gnoll Skald)               Turns: 2545, Time: 00:06:02

Health: 0/51       AC:  3    Str: 14    XL:     6   Next: 59%
Magic:  14/14      EV: 15    Int: 15    God:
Gold:   163        SH:  0    Dex: 16    Spells: 4/15 levels left

rFire    . . .     SeeInvis .   l - -3 scythe (curse)
rCold    . . .     Gourm    .   (shield currently unavailable)
rNeg     . . .     Faith    .   b - +0 leather armour
rPois    .         Spirit   .   (no helmet)
rElec    .         Reflect  .   k - +0 cloak
rCorr    .         Harm     .   (no gloves)
MR       +....                  (no boots)
Stlth    ++........             (no amulet)
HPRegen  0.17/turn              m - -3 ring of protection (curse)
MPRegen  0.14/turn              (no ring)

@: no status effects
A: distributed training, fangs 1, thin metallic scales 1, magic resistance 1,
strong nose
a: no special abilities


You were on level 4 of the Dungeon.
You were not hungry.

You visited 1 branch of the dungeon, and saw 4 of its levels.

You collected 163 gold pieces.

Inventory:

Hand Weapons
 a - a +0 spear
 g - a +2 dagger of protection
 l - a cursed -3 scythe (weapon)
Armour
 b - a +0 leather armour (worn)
 k - a +0 cloak (worn)
Jewellery
 m - a cursed -3 ring of protection (left hand)
Scrolls
 e - a scroll of immolation
 n - a scroll of identify
 o - 2 scrolls of enchant armour {unknown}
 p - a scroll of amnesia {unknown}
 q - a scroll of magic mapping {unknown}
 u - a scroll of teleportation {unknown}
Potions
 f - 2 potions of curing
 h - a potion of lignification
 i - a potion of flight {unknown}
 s - a potion of berserk rage {unknown}
 t - a potion of haste {unknown}
Books
 c - a book of Battle

   Spells                             Type                      Level
   a - Infusion                       Charms                       1
   b - Shroud of Golubria             Charms/Translocation         2
   c - Song of Slaying                Charms                       2
   d - Spectral Weapon                Hexes/Charms                 3
   e - Regeneration                   Charms/Necromancy            3
Comestibles
 d - 8 rations


   Skills:
 + Level 5.0 Fighting
 + Level 2.0 Short Blades
 + Level 2.0 Long Blades
 + Level 2.0 Axes
 + Level 2.0 Maces & Flails
 + Level 5.0 Polearms
 + Level 2.0 Staves
 + Level 2.0 Slings
 + Level 2.0 Bows
 + Level 2.0 Crossbows
 + Level 2.0 Throwing
 + Level 3.2 Armour
 + Level 5.0 Dodging
 + Level 2.0 Stealth
 + Level 2.0 Shields
 + Level 2.0 Unarmed Combat
 + Level 5.4 Spellcasting
 + Level 1.5 Conjurations
 + Level 1.5 Hexes
 + Level 5.6 Charms
 + Level 1.5 Summonings
 + Level 1.5 Necromancy
 + Level 1.5 Translocations
 + Level 1.5 Transmutations
 + Level 1.5 Fire Magic
 + Level 1.5 Ice Magic
 + Level 1.5 Air Magic
 + Level 1.5 Earth Magic
 + Level 1.5 Poison Magic
 + Level 2.2 Invocations
 + Level 2.0 Evocations


You had 4 spell levels left.
You knew the following spells:

 Your Spells              Type           Power        Failure   Level  Hunger
a - Infusion              Chrm           ###.         1%          1    None
b - Song of Slaying       Chrm           ###.....     2%          2    #......
c - Shroud of Golubria    Chrm/Tloc      ##........   6%          2    #......
d - Regeneration          Chrm/Necr      ##........   13%         3    ###....
e - Spectral Weapon       Hex/Chrm       ##......     13%         3    ###....


Dungeon Overview and Level Annotations

Branches:
Dungeon (4/15)
 Temple: D:4-7

Altars:
The Shining One


Innate Abilities, Weirdness & Mutations

Your experience applies equally to all skills.
You have very sharp teeth.
Your uncanny sense of smell can sniff out nearby items.
You are partially covered in thin metallic scales. (AC +2)
You are resistant to hostile enchantments. (MR+)


Message History

You are no longer poisoned.
The gnoll barely misses you.
The gnoll hits you from afar with a spear of freezing.
The gnoll freezes you.
* * * LOW HITPOINT WARNING * * *
Attack whom?
Press: ? - help, Dir - move target cursor, f/p - gnoll
Aim: a gnoll, wielding a spear of freezing You reach to attack!
You closely miss the gnoll.
You feel less wooden.
Your +0 cloak unmelds from your body.
Your +0 leather armour unmelds from your body.
The gnoll hits you from afar with a spear of freezing!
* * * LOW HITPOINT WARNING * * *
The gnoll freezes you.
* * * LOW HITPOINT WARNING * * *
The gnoll barely misses you.
There is a stone staircase leading up here.
The gnoll hits you from afar with a spear of freezing.
You die...

# . .# ###
#.#
$P8#.####<.##
[.≈#...@(...#
####.####g..#
.≈. #g## . .#
# ∆


You could see 2 gnolls.

Vanquished Creatures
  Sigmund (D:3)
  Terence (D:3)
  2 worker ants
  A gnoll (D:4)
  An adder (D:2)
  2 oozes
  5 dart slugs
  A leopard gecko (D:3)
  4 orcs (D:3)
  11 bats
  3 giant cockroaches
  9 goblins
  8 hobgoblins
  7 jackals
  4 frilled lizards (D:1)
  9 kobolds
  7 rats
76 creatures vanquished.

Notes
Turn   | Place    | Note
-------+----------+-------------------------------------------
     0 | D:1      | vatarom the Gnoll Skald began the quest for the Orb.
     0 | D:1      | Reached XP level 1. HP: 20/20 MP: 6/6
    45 | D:1      | Reached XP level 2. HP: 26/26 MP: 7/7
   157 | D:1      | Reached XP level 3. HP: 19/31 MP: 2/9
   161 | D:1      | Learned a level 2 spell: Song of Slaying
   164 | D:1      | Learned a level 2 spell: Shroud of Golubria
   168 | D:1      | Learned a level 3 spell: Regeneration
   172 | D:1      | Learned a level 3 spell: Spectral Weapon
   200 | D:1      | Reached skill level 5 in Spellcasting
   613 | D:1      | Reached skill level 1 in Invocations
  1086 | D:2      | Reached skill level 1 in Short Blades
  1086 | D:2      | Reached skill level 1 in Long Blades
  1086 | D:2      | Reached skill level 1 in Axes
  1086 | D:2      | Reached skill level 1 in Maces & Flails
  1086 | D:2      | Reached skill level 1 in Staves
  1086 | D:2      | Reached skill level 1 in Slings
  1086 | D:2      | Reached skill level 1 in Bows
  1086 | D:2      | Reached skill level 1 in Crossbows
  1086 | D:2      | Reached skill level 1 in Throwing
  1086 | D:2      | Reached skill level 1 in Stealth
  1086 | D:2      | Reached skill level 1 in Shields
  1086 | D:2      | Reached skill level 1 in Unarmed Combat
  1086 | D:2      | Reached skill level 1 in Evocations
  1086 | D:2      | Reached XP level 4. HP: 21/38 MP: 8/11
  1432 | D:2      | Reached skill level 1 in Conjurations
  1432 | D:2      | Reached skill level 1 in Hexes
  1432 | D:2      | Reached skill level 1 in Summonings
  1432 | D:2      | Reached skill level 1 in Necromancy
  1432 | D:2      | Reached skill level 1 in Translocations
  1432 | D:2      | Reached skill level 1 in Transmutations
  1432 | D:2      | Reached skill level 1 in Fire Magic
  1432 | D:2      | Reached skill level 1 in Ice Magic
  1432 | D:2      | Reached skill level 1 in Air Magic
  1432 | D:2      | Reached skill level 1 in Earth Magic
  1432 | D:2      | Reached skill level 1 in Poison Magic
  1588 | D:3      | Noticed Sigmund
  1664 | D:2      | Gained mutation: You have an increased reservoir of magic. (+10% MP) [potion of mutation]
  1664 | D:2      | Gained mutation: You are partially covered in rugged brown scales. (AC +1, +3% HP) [potion of mutation]
  1664 | D:2      | Gained mutation: Your mind is acute. (Int +2) [potion of mutation]
  1786 | D:3      | Killed Sigmund
  1786 | D:3      | Reached XP level 5. HP: 40/44 MP: 9/14
  1786 | D:3      | Reached XP level 6. HP: 47/51 MP: 9/15
  2333 | D:3      | Found a glowing golden altar of the Shining One.
  2333 | D:3      | Noticed Terence
  2343 | D:3      | Lost mutation: You have an increased reservoir of magic. (+10% MP) [potion of mutation]
  2343 | D:3      | Lost mutation: Your mind is acute. (Int +2) [potion of mutation]
  2343 | D:3      | Lost mutation: You are partially covered in rugged brown scales. (AC +1, +3% HP) [potion of mutation]
  2343 | D:3      | Gained mutation: You are resistant to hostile enchantments. (MR+) [potion of mutation]
  2343 | D:3      | Gained mutation: You are partially covered in thin metallic scales. (AC +2) [potion of mutation]
  2352 | D:3      | Killed Terence
  2352 | D:3      | Reached skill level 5 in Fighting
  2352 | D:3      | Reached skill level 5 in Polearms
  2352 | D:3      | Reached skill level 5 in Dodging
  2543 | D:4      | HP: 2/51 [gnoll/spear of freezing (2)]
  2545 | D:4      | Slain by a gnoll

Skill      XL: |  1  2  3  4  5  6 |
---------------+-------------------+-----
Spellcasting   | 5 |  5.4
Invocations    | 1 2 |  2.2
Short Blades   | 1 2 |  2.0
Long Blades    | 1 2 |  2.0
Axes           | 1 2 |  2.0
Maces & Flails | 1 2 |  2.0
Staves         | 1 2 |  2.0
Slings         | 1 2 |  2.0
Bows           | 1 2 |  2.0
Crossbows      | 1 2 |  2.0
Throwing       | 1 2 |  2.0
Stealth        | 1 2 |  2.0
Shields        | 1 2 |  2.0
Unarmed Combat | 1 2 |  2.0
Evocations     | 1 2 |  2.0
Conjurations   | 1 |  1.5
Hexes          | 1 |  1.5
Summonings     | 1 |  1.5
Necromancy     | 1 |  1.5
Translocations | 1 |  1.5
Transmutations | 1 |  1.5
Fire Magic     | 1 |  1.5
Ice Magic      | 1 |  1.5
Air Magic      | 1 |  1.5
Earth Magic    | 1 |  1.5
Poison Magic   | 1 |  1.5
Armour         | 3 |  3.2
Fighting       | 5 |  5.0
Polearms       | 5 |  5.0
Dodging        | 5 |  5.0
Charms         | |  5.6

Action                   |  1- 3 |  4- 6 || total
-------------------------+-------+-------++-------
Melee: Spear             |   150 |    28 ||   178
       Bite              |    10 |    18 ||    28
       Dagger            |       |    26 ||    26
       Scythe            |       |   109 ||   109
 Cast: Infusion          |     1 |     1 ||     2
       Spectral Weapon   |     6 |     7 ||    13
       Shroud of Golubri |     1 |     1 ||     2
       Regeneration      |     1 |       ||     1
       Song of Slaying   |     1 |       ||     1
  Use: Scroll            |       |     3 ||     3
       Potion            |       |     4 ||     4
 Stab: Sleeping          |     2 |     3 ||     5
       Distracted        |       |     1 ||     1
  Eat: Ration            |     1 |       ||     1
       Chunk             |       |     4 ||     4
Armor: Leather armour    |    27 |    22 ||    49
       Skin              |       |    64 ||    64
Dodge: Dodged            |   104 |   156 ||   260
